 Dungeon Sprint DCSS version 0.18-a0-1788-g92de1ac (webtiles) character file.

2163 wvc the Spear-Bearer (level 9, -2/88 HPs)
             Began as a Naga Fighter on Apr 19, 2016.
             Was a High Priest of Cheibriados.
             Slain by a catoblepas (16 damage)
             ... in the Dungeon (Sprint IX: "|||||||||||||||||||||||||||||").
             The game lasted 00:03:28 (1301 turns).

wvc the Spear-Bearer (Naga Fighter)                 Turns: 1301, Time: 00:03:29

Health: -2/88      AC: 11    Str: 32    XL:     9   Next: 32%
Magic:  1/11       EV:  7    Int: 21    God:    Cheibriados [*****.]
Gold:   0          SH:  0    Dex: 27    Spells: 0 memorised, 8 levels left

rFire  . . .     SeeInvis +     a - +0 trident
rCold  . . .     Gourm    .     r - +1 chain mail
rNeg   . . .     Faith    .     c - +0 shield
rPois  +         Spirit   .     (no helmet)
rElec  .         Dismiss  .     q - +0 cloak
rCorr  .         Reflect  .     (no gloves)
SustAt .         Harm     .     (no barding)
MR     +....     NoTele   +     (no amulet)
Stlth  ..........               s - +2 ring of evasion
                                b - +2 ring of evasion

@: petrifying (expiring), very slow, somewhat resistant to hostile enchantments,
extremely unstealthy
A: see invisible, deformed body, poison resistance, slowness 2, slow metabolism
1, spit poison 2, AC +3
a: Spit Poison, Bend Time, Temporal Distortion, Slouch, Step From Time, Renounce
Religion


You were in the Dungeon.
You worshipped Cheibriados.
Cheibriados was extremely pleased with you.
You were not hungry.

You visited 1 branch

Inventory:

Hand Weapons
 a - a +0 trident (weapon)
 p - a +2 halberd of protection
Armour
 c - a +0 shield (worn)
 q - a +0 cloak (worn)
 r - a +1 chain mail (worn)
Jewellery
 b - a +2 ring of evasion (left hand)
 s - a +2 ring of evasion (right hand)
Wands
 o - a wand of iceblast (7/15)
Scrolls
 k - 3 scrolls of blinking
 m - 3 scrolls of remove curse
 n - 2 scrolls of amnesia
 v - 3 scrolls of identify
 w - 2 scrolls of fog
Potions
 d - 3 potions of might
 e - 8 potions of curing
 g - a potion of invisibility
 h - a potion of haste
 i - 4 potions of magic
 j - a potion of berserk rage
 l - 2 potions of heal wounds
 t - a potion of cure mutation
Comestibles
 f - a bread ration
 u - a beef jerky


   Skills:
 + Level 8.2 Fighting
 - Level 14.1 Polearms
 + Level 7.1 Armour
 + Level 2.4 Dodging
 * Level 8.0 Shields
 + Level 2.9 Invocations


You had 8 spell levels left.
You didn't know any spells.

Dungeon Overview and Level Annotations

Branches:
Dungeon (1/1)

Altars:
Cheibriados
Dithmenos
Elyvilon
Fedhas
Gozag
Kikubaaqudgha
Makhleb
Nemelex Xobeh
Okawaru
Pakellas
Qazlal
Ru
Sif Muna
Trog
Vehumet
Xom
Yredelemnul
Zin
The Shining One
Beogh
Jiyva
Lugonu


Innate Abilities, Weirdness & Mutations

You cannot wear boots.
Your serpentine skin is tough (AC +3).
You have supernaturally acute eyesight.
Armour fits poorly on your strangely shaped body.
Your system is resistant to poisons.
You cover ground very slowly.
You have a slow metabolism.
You can spit poison.


Message History

* * * LOW HITPOINT WARNING * * *
You can feel time thicken for a moment.
You kill the spiny frog!
Cheibriados thoroughly appreciates the change of pace.
Cheibriados raises the support of your attributes as your movement slows.
Your Fighting skill increases to level 8!
Your Armour skill increases to level 7!
Your Shields skill increases to level 8!
You feel somewhat more hungry.
Cheibriados lowers the support of your attributes as your movement quickens.
You are engulfed in calcifying dust.
You are slowing down.
The catoblepas gores you but does no damage.
You don't have enough magic at the moment.
Unknown command.
You puncture the catoblepas!
The catoblepas is almost dead.
You are engulfed in calcifying dust.
Your limbs have turned to stone.
The catoblepas gores you!!
You die...

▓.▓_▓
▓†▓.▓_▓
▓.▓.▓_▓
▓.▓.▓_▓
▓.▓.▓_▓
▓.▓.▓_▓
▓t▓.▓_▓
▓Y▓.▓_▓
▓@▓.▓_▓
▓§▓.▓_▓
▓§▓.▓_▓
▓.▓.▓_▓
▓.▓.▓'▓
▓.▓.▓.▓
▓.▓.▓.▓
▓[▓.▓.▓
▓.▓.▓.▓


You could see a catoblepas and a crocodile.

Vanquished Creatures
  A kobold demonologist (D)
  A spiny frog (D)
  2 komodo dragons (D)
  A porcupine (D)
  A sky beast (D)
  A black bear (D)
  3 centaurs (D)
  A wolf (D)
  2 crocodiles (D)
  A giant frog (D)
  An orc wizard (D)
  A hound (D)
  A gnoll shaman (D)
  A worker ant (D)
  A gnoll (D)
  An adder skeleton (D)
  2 orcs (D)
  3 goblins (D)
  A hobgoblin (D)
  A giant gecko zombie (D)
  A kobold (D)
28 creatures vanquished.

Vanquished Creatures (others)
  A spiny frog (D)
1 creature vanquished.

Grand Total: 29 creatures vanquished

Notes
Turn   | Place    | Note
--------------------------------------------------------------
     0 | D        | wvc the Naga Fighter began the quest for the Orb.
     0 | D        | Reached XP level 1. HP: 21/21 MP: 1/1
     7 | D        | Reached skill level 3 in Polearms
    14 | D        | Reached skill level 4 in Polearms
    24 | D        | Noticed a gnoll shaman
    24 | D        | Noticed a hound
    25 | D        | Reached XP level 2. HP: 26/28 MP: 2/2
    41 | D        | Reached skill level 5 in Polearms
    50 | D        | Reached skill level 7 in Polearms
    50 | D        | Reached XP level 3. HP: 6/34 MP: 3/3
    61 | D        | Reached skill level 8 in Polearms
    61 | D        | Reached XP level 4. HP: 4/42 MP: 4/4
   432 | D        | Found a glowing silver altar of Zin.
   432 | D        | Found a glowing golden altar of the Shining One.
   432 | D        | Found an ancient bone altar of Kikubaaqudgha.
   432 | D        | Found a basalt altar of Yredelemnul.
   432 | D        | Found a shimmering altar of Xom.
   432 | D        | Found a radiant altar of Vehumet.
   433 | D        | Found an iron altar of Okawaru.
   434 | D        | Found a burning altar of Makhleb.
   435 | D        | Found a deep blue altar of Sif Muna.
   436 | D        | Found a bloodstained altar of Trog.
   437 | D        | Found a sparkling altar of Nemelex Xobeh.
   438 | D        | Found a white marble altar of Elyvilon.
   439 | D        | Found a roughly hewn altar of Beogh.
   440 | D        | Found a viscous altar of Jiyva.
   441 | D        | Found a corrupted altar of Lugonu.
   442 | D        | Found a blossoming altar of Fedhas.
   443 | D        | Found a snail-covered altar of Cheibriados.
   444 | D        | Found a shadowy altar of Dithmenos.
   445 | D        | Found a stormy altar of Qazlal.
   446 | D        | Found an opulent altar of Gozag.
   447 | D        | Found a sacrificial altar of Ru.
   448 | D        | Found an oddly glowing altar of Pakellas.
   453 | D        | Became a worshipper of Cheibriados the Contemplative
   496 | D        | Noticed a centaur
   496 | D        | Noticed a giant frog
   496 | D        | Noticed a black bear
   496 | D        | Noticed a centaur
   496 | D        | Noticed a centaur
   515 | D        | Killed a centaur
   515 | D        | Reached * piety under Cheibriados
   515 | D        | Reached skill level 10 in Polearms
   515 | D        | Reached XP level 5. HP: 33/49 MP: 5/5
   518 | D        | Killed a centaur
   518 | D        | Reached ** piety under Cheibriados
   518 | D        | Reached skill level 11 in Polearms
   518 | D        | Reached XP level 6. HP: 39/56 MP: 6/6
   526 | D        | Killed a black bear
   526 | D        | Reached skill level 12 in Polearms
   534 | D        | Reached *** piety under Cheibriados
   534 | D        | Reached skill level 13 in Polearms
   537 | D        | Reached skill level 14 in Polearms
   537 | D        | Reached XP level 7. HP: 28/62 MP: 7/7
   707 | D        | Noticed a komodo dragon
   707 | D        | Noticed a kobold demonologist
   723 | D        | Reached **** piety under Cheibriados
   734 | D        | Killed a kobold demonologist
   734 | D        | Reached skill level 5 in Fighting
   734 | D        | Reached skill level 1 in Dodging
   734 | D        | Reached skill level 5 in Shields
   734 | D        | Reached XP level 8. HP: 54/75 MP: 8/8
   739 | D        | Killed a komodo dragon
   739 | D        | Reached skill level 5 in Armour
  1267 | D        | Noticed a spiny frog
  1267 | D        | Noticed a komodo dragon
  1268 | D        | Reached ***** piety under Cheibriados
  1268 | D        | Reached skill level 1 in Invocations
  1272 | D        | Noticed a spiny frog
  1273 | D        | Noticed a catoblepas
  1273 | D        | Killed a komodo dragon
  1273 | D        | Reached XP level 9. HP: 86/86 MP: 3/10
  1277 | D        | Killed a spiny frog
  1300 | D        | Killed a spiny frog
  1301 | D        | Slain by a catoblepas

Vault maps used:
D:        linesprint

Skill      XL: |  1  2  3  4  5  6  7  8  9 |
---------------+----------------------------+-----
Polearms       | 4 7 8 10 11 14 | 14.1
Armour         | 4 6 7 |  7.1
Shields        | 5 7 8 |  8.0
Fighting       | 5 7 8 |  8.2
Dodging        | 1 2 |  2.4
Invocations    | 2 |  2.9

Action                   |  1- 3 |  4- 6 |  7- 9 || total
-------------------------+-------+-------+-------++-------
Melee: Trident           |    45 |    40 |    47 ||   132
Invok: Slouch            |       |       |     3 ||     3
 Abil: Spit Poison       |     4 |       |     1 ||     5
  Use: Potion            |     1 |       |       ||     1
 Stab: Petrified         |       |       |     1 ||     1
Armor: Scale mail        |     9 |       |       ||     9
       Chain mail        |       |    15 |     6 ||    21
Dodge: Dodged            |     8 |     6 |     4 ||    18
Block: Shield            |    15 |    17 |     9 ||    41
